SAAA
PAWNEE PARKSNREC @ SYRACUSE STARKS
07/26/2038
 
TOP OF THE 1ST
Pawnee ParksNRec batting - Pitching for Syracuse Starks : LHP Ollie McDaniell
Pitching: LHP Ollie McDaniell
Batting: LHB Vance Corkum 0-0: Ball
1-0: SINGLE (Groundball, 4MD, EV 97.5 MPH)
Batting: LHB Silas Givens 0-0: Called Strike
0-1: Ball
1-1: Ball
2-1: Ball
3-1: Foul Ball, location: 2F
3-2: Fly out, F6 (Popup, 6S, EV 88.8 MPH)
Batting: RHB Josh Mawdesley 0-0: Called Strike
0-1: Fly out, F8 (Flyball, 8RM, EV 87.5 MPH)
Batting: RHB Chip Mullaney 0-0: Called Strike
0-1: Reached on error, E4 (Groundball, 4, EV 95.0 MPH)
Vance Corkum to second
Batting: RHB Layton Arntsen 0-0: Ball
1-0: Foul Ball, location: 2F
1-1: Foul Ball, location: 2F
1-2: Strikes out swinging
Top of the 1st over - 0 runs, 1 hit, 1 error, 2 left on base; Pawnee 0 - Syracuse 0
BOTTOM OF THE 1ST
Syracuse Starks batting - Pitching for Pawnee ParksNRec : RHP Clarence Miller
Pitching: RHP Clarence Miller
Batting: RHB Damon Newbold 0-0: Called Strike
0-1: Swinging Strike
0-2: Strikes out swinging
Batting: RHB Scott Donlan 0-0: Ball
1-0: Ball
2-0: Foul Ball, location: 2F
2-1: Ground out 6-3 (Groundball, 56, EV 100.6 MPH)
Batting: RHB Roger Caffyn 0-0: Foul Ball, location: 2F
0-1: Ball
1-1: Fly out, F7 (Flyball, 7, EV 96.2 MPH)
Bottom of the 1st over - 0 runs, 0 hits, 0 errors, 0 left on base; Pawnee 0 - Syracuse 0
TOP OF THE 2ND
Pawnee ParksNRec batting - Pitching for Syracuse Starks : LHP Ollie McDaniell
Batting: RHB Fletcher Megarity 0-0: Called Strike
0-1: Ball
1-1: Ground out 6-3 (Groundball, 6, EV 108.8 MPH)
Batting: RHB Chris Hall 0-0: Ball
1-0: Ball
2-0: Foul Ball, location: 2F
2-1: Ground out 5-3 (Groundball, 5, EV 102.5 MPH)
Batting: RHB Robin Colwill 0-0: Called Strike
0-1: Swinging Strike
0-2: Ball
1-2: Foul Ball, location: 2F
1-2: Ball
2-2: Ball
3-2: Base on Balls
Batting: RHB Abel Murphy 0-0: Ball
1-0: Foul Ball, location: 2F
1-1: Swinging Strike
1-2: Foul Ball, location: 2F
1-2: Ball
2-2: Fly out, F3 (Popup, 3SF, EV 77.5 MPH)
Top of the 2nd over - 0 runs, 0 hits, 0 errors, 1 left on base; Pawnee 0 - Syracuse 0
BOTTOM OF THE 2ND
Syracuse Starks batting - Pitching for Pawnee ParksNRec : RHP Clarence Miller
Batting: LHB Robby Young 0-0: Ball
1-0: Called Strike
1-1: Ball
2-1: Ball
3-1: Foul Ball, location: 2F
3-2: Fly out, F8 (Flyball, 78S, EV 98.8 MPH)
Batting: RHB Akke Derksen 0-0: Ball
1-0: Called Strike
1-1: Ball
2-1: Swinging Strike
2-2: Ground out 2-3 (Groundball, 15S, EV 68.1 MPH)
Batting: LHB António Boccanegra 0-0: Swinging Strike
0-1: Ball
1-1: Ball
2-1: Foul Ball, location: 2F
2-2: Strikes out swinging
Bottom of the 2nd over - 0 runs, 0 hits, 0 errors, 0 left on base; Pawnee 0 - Syracuse 0
TOP OF THE 3RD
Pawnee ParksNRec batting - Pitching for Syracuse Starks : LHP Ollie McDaniell
Batting: LHB Vance Corkum 0-0: Ball
1-0: Foul Ball, location: 2F
1-1: Foul Ball, location: 2F
1-2: Strikes out swinging
Batting: LHB Silas Givens 0-0: Ball
1-0: Ball
2-0: Fly out, F9 (Flyball, 9LS, EV 94.4 MPH)
Batting: RHB Josh Mawdesley 0-0: Ball
1-0: Ball
2-0: Ball
3-0: Called Strike
3-1: Swinging Strike
3-2: Foul Ball, location: 2F
3-2: Base on Balls
Batting: RHB Chip Mullaney 0-0: Ball
1-0: Ball
2-0: Fly out, F4 (Popup, 4D, EV 53.1 MPH)
Top of the 3rd over - 0 runs, 0 hits, 0 errors, 1 left on base; Pawnee 0 - Syracuse 0
BOTTOM OF THE 3RD
Syracuse Starks batting - Pitching for Pawnee ParksNRec : RHP Clarence Miller
Batting: RHB Thom Beach 0-0: Called Strike
0-1: Called Strike
0-2: Ground out 1-3 (Groundball, 34S, EV 90.0 MPH)
Batting: SHB Soren Loen 0-0: Ball
1-0: Foul Ball, location: 2F
1-1: Ball
2-1: Ball
3-1: Base on Balls
Batting: RHB Enrico Sánchez 0-0: Ball
1-0: Called Strike
1-1: Ball
2-1: Foul Ball, location: 2F
2-2: Fly out, F8 (Flyball, 78D, EV 98.1 MPH)
Batting: RHB Damon Newbold 0-0: Called Strike
Soren Loen steals 2nd base
0-1: Foul Ball, location: 2F
0-2: Strikes out swinging
Bottom of the 3rd over - 0 runs, 0 hits, 0 errors, 1 left on base; Pawnee 0 - Syracuse 0
TOP OF THE 4TH
Pawnee ParksNRec batting - Pitching for Syracuse Starks : LHP Ollie McDaniell
Batting: RHB Layton Arntsen 0-0: Ball
1-0: Ball
2-0: Foul Ball, location: 2F
2-1: Ball
3-1: Base on Balls
Batting: RHB Fletcher Megarity 0-0: Fly out, F7 (Flyball, 7S, EV 85.0 MPH)
Batting: RHB Chris Hall 0-0: Called Strike
0-1: Foul Ball, location: 2F
0-2: Ball
1-2: Strikes out swinging
Batting: RHB Robin Colwill 0-0: Ball
1-0: Foul Ball, location: 2F
1-1: Foul Ball, location: 2F
1-2: Foul Ball, location: 2F
1-2: Foul Ball, location: 2F
1-2: Ball
2-2: Foul Ball, location: 2F
2-2: Ball
3-2: Foul Ball, location: 2F
3-2: Foul Ball, location: 2F
3-2: Fly out, F9 (Flyball, 9S, EV 91.2 MPH)
Top of the 4th over - 0 runs, 0 hits, 0 errors, 1 left on base; Pawnee 0 - Syracuse 0
BOTTOM OF THE 4TH
Syracuse Starks batting - Pitching for Pawnee ParksNRec : RHP Clarence Miller
Batting: RHB Scott Donlan 0-0: Called Strike
0-1: Swinging Strike
0-2: Foul Ball, location: 2F
0-2: Foul Ball, location: 2F
0-2: Ball
1-2: Ground out 6-3 (Groundball, 6, EV 104.4 MPH)
Batting: RHB Roger Caffyn 0-0: Foul Ball, location: 2F
0-1: Swinging Strike
0-2: Ground out 6-3 (Groundball, 6, EV 101.9 MPH)
Batting: LHB Robby Young 0-0: SINGLE (Groundball, 6M, EV 83.1 MPH) (infield hit)
Batting: RHB Akke Derksen 0-0: Ball
1-0: Fly out, F8 (Flyball, 8LD, EV 83.8 MPH)
Bottom of the 4th over - 0 runs, 1 hit, 0 errors, 1 left on base; Pawnee 0 - Syracuse 0
TOP OF THE 5TH
Pawnee ParksNRec batting - Pitching for Syracuse Starks : LHP Ollie McDaniell
Batting: RHB Abel Murphy 0-0: SINGLE (Groundball, 6MD, EV 98.8 MPH)
Batting: LHB Vance Corkum 0-0: Fielders Choice at 2nd, 1-6 (Groundball, 34S, EV 85.0 MPH)
Batting: LHB Silas Givens 0-0: Swinging Strike
0-1: 2-RUN HOME RUN (Flyball, 78XD, EV 110.0 MPH), Distance : 417 ft
Batting: RHB Josh Mawdesley 0-0: Ball
1-0: Swinging Strike
1-1: Swinging Strike
1-2: Foul Ball, location: 2F
1-2: Strikes out looking
Batting: RHB Chip Mullaney 0-0: Called Strike
0-1: Ball
1-1: Ground out 4-3 (Groundball, 4, EV 83.1 MPH)
Top of the 5th over - 2 runs, 2 hits, 0 errors, 0 left on base; Pawnee 2 - Syracuse 0
BOTTOM OF THE 5TH
Syracuse Starks batting - Pitching for Pawnee ParksNRec : RHP Clarence Miller
Batting: LHB António Boccanegra 0-0: Ball
1-0: Foul Ball, location: 2F
1-1: Ball
2-1: Ball
3-1: Foul Ball, location: 2F
3-2: Base on Balls
Pitching: LHP Sherman Harrison
Batting: RHB Thom Beach 0-0: Sac Bunt to 13S - play at first, batter OUT! 1-3
António Boccanegra to second
Batting: SHB Soren Loen 0-0: TRIPLE (Flyball, 78XD, EV 113.1 MPH)
António Boccanegra scores
Batting: RHB Enrico Sánchez 0-0: Ball
1-0: Swinging Strike
1-1: Fly out, F8 (Flyball, 8RS, EV 77.5 MPH)
Batting: RHB Damon Newbold 0-0: Called Strike
0-1: Ball
1-1: Swinging Strike
1-2: Strikes out looking
Bottom of the 5th over - 1 run, 1 hit, 0 errors, 1 left on base; Pawnee 2 - Syracuse 1
TOP OF THE 6TH
Pawnee ParksNRec batting - Pitching for Syracuse Starks : LHP Ollie McDaniell
Batting: RHB Layton Arntsen 0-0: Ball
1-0: Ball
2-0: Ball
3-0: Called Strike
3-1: Base on Balls
Batting: RHB Fletcher Megarity 0-0: Ball
1-0: Sac Bunt to 2R - play at second, runner OUT! 2-6
Batting: RHB Chris Hall 0-0: Foul Ball, location: 2F
0-1: Called Strike
0-2: Strikes out swinging
Batting: RHB Robin Colwill 0-0: Called Strike
0-1: Foul Ball, location: 2F
0-2: Strikes out swinging
Top of the 6th over - 0 runs, 0 hits, 0 errors, 1 left on base; Pawnee 2 - Syracuse 1
BOTTOM OF THE 6TH
Syracuse Starks batting - Pitching for Pawnee ParksNRec : LHP Sherman Harrison
Batting: RHB Scott Donlan 0-0: Foul Ball, location: 2F
0-1: Ball
1-1: Ball
2-1: Ground out 6-3 (Groundball, 6, EV 101.2 MPH)
Batting: RHB Roger Caffyn 0-0: Called Strike
0-1: Ball
1-1: Swinging Strike
1-2: Ball
2-2: Foul Ball, location: 2F
2-2: Ball
3-2: Foul Ball, location: 2F
3-2: Base on Balls
Batting: LHB Robby Young 0-0: Ball
1-0: Fielders Choice at 2nd, 3-6 (Groundball, 3, EV 90.6 MPH)
Batting: RHB Akke Derksen 0-0: Called Strike
0-1: Ball
1-1: Ball
2-1: Ball
3-1: Base on Balls
Robby Young to second
Batting: LHB António Boccanegra 0-0: Called Strike
0-1: Foul Ball, location: 2F
0-2: Ball
1-2: Foul Ball, location: 2F
1-2: Ball
2-2: Foul Ball, location: 2F
2-2: SINGLE (Groundball, 23, EV 85.6 MPH) (infield hit)
Robby Young to third
Akke Derksen to second
Batting: RHB Thom Beach 0-0: Ball
1-0: Fly out, F8 (Flyball, 8LM, EV 78.8 MPH)
Bottom of the 6th over - 0 runs, 1 hit, 0 errors, 3 left on base; Pawnee 2 - Syracuse 1
TOP OF THE 7TH
Pawnee ParksNRec batting - Pitching for Syracuse Starks : LHP Ollie McDaniell
Batting: RHB Abel Murphy 0-0: Foul Ball, location: 2F
0-1: Called Strike
0-2: Ball
1-2: Foul Ball, location: 2F
1-2: Ball
2-2: Ball
3-2: Strikes out swinging
Pitching: RHP Edmund Blackadder
Batting: LHB Vance Corkum 0-0: Foul Ball, location: 2F
0-1: Ball
1-1: Swinging Strike
1-2: Foul Ball, location: 2F
1-2: Strikes out swinging
Batting: LHB Silas Givens 0-0: Ball
1-0: Swinging Strike
1-1: Fly out, F8 (Flyball, 78XD, EV 98.8 MPH)
Top of the 7th over - 0 runs, 0 hits, 0 errors, 0 left on base; Pawnee 2 - Syracuse 1
BOTTOM OF THE 7TH
Syracuse Starks batting - Pitching for Pawnee ParksNRec : LHP Sherman Harrison
Batting: SHB Soren Loen 0-0: Ground out 1-3 (Groundball, 13, EV 74.4 MPH)
Batting: RHB Enrico Sánchez 0-0: Ball
1-0: Called Strike
1-1: Called Strike
1-2: Ball
2-2: Foul Ball, location: 2F
2-2: Ball
3-2: Foul Ball, location: 2F
3-2: Foul Ball, location: 2F
3-2: Strikes out swinging
Batting: RHB Damon Newbold 0-0: Ball
1-0: SINGLE (Groundball, 56D, EV 98.8 MPH)
Batting: RHB Scott Donlan 0-0: Ball
1-0: Swinging Strike
1-1: Called Strike
1-2: Foul Ball, location: 2F
1-2: Strikes out looking
Bottom of the 7th over - 0 runs, 1 hit, 0 errors, 1 left on base; Pawnee 2 - Syracuse 1
TOP OF THE 8TH
Pawnee ParksNRec batting - Pitching for Syracuse Starks : RHP Edmund Blackadder
Batting: RHB Josh Mawdesley 0-0: Called Strike
0-1: Ball
1-1: SINGLE (Groundball, 56D, EV 106.2 MPH)
Batting: RHB Chip Mullaney 0-0: Ball
1-0: Foul Ball, location: 2F
1-1: Ball
2-1: Fielders Choice at 2nd, 4-6 (Groundball, 4, EV 100.0 MPH)
Batting: RHB Layton Arntsen 0-0: Called Strike
0-1: Ball
1-1: Ball
2-1: Called Strike
2-2: Foul Ball, location: 2F
2-2: Ball
3-2: Foul Ball, location: 2F
3-2: Strikes out looking
Batting: RHB Fletcher Megarity 0-0: Ball
1-0: Ball
2-0: Ball
Pickoff Throw by Catcher to First - Error! E2
Chip Mullaney to second
3-0: Called Strike
3-1: Ground out 5-3 (Groundball, 5, EV 100.6 MPH)
Top of the 8th over - 0 runs, 1 hit, 1 error, 1 left on base; Pawnee 2 - Syracuse 1
BOTTOM OF THE 8TH
Syracuse Starks batting - Pitching for Pawnee ParksNRec : LHP Sherman Harrison
Batting: RHB Roger Caffyn 0-0: Called Strike
0-1: Ball
1-1: Called Strike
1-2: Foul Ball, location: 2F
1-2: SINGLE (Groundball, 6D, EV 105.0 MPH)
Pitching: RHP Arie de Nooyer
Batting: LHB Robby Young 0-0: Ball
1-0: Ball
2-0: Ball
3-0: Base on Balls
Roger Caffyn to second
Batting: RHB Akke Derksen 0-0: Ball
1-0: Called Strike
1-1: Ball
2-1: Foul Ball, location: 2F
2-2: SINGLE (Groundball, 3D, EV 98.8 MPH)
Roger Caffyn to third
Robby Young to second
Batting: LHB António Boccanegra 0-0: Swinging Strike
0-1: Ball
1-1: Fly out, F4 (Popup, 34S, EV 67.5 MPH)
Batting: RHB Thom Beach 0-0: Ball
1-0: Swinging Strike
1-1: Swinging Strike
1-2: Ball
2-2: Ball
3-2: Foul Ball, location: 2F
3-2: Grounds into double play, 1-2-3 (Groundball, 13, EV 76.9 MPH)
Bottom of the 8th over - 0 runs, 2 hits, 0 errors, 2 left on base; Pawnee 2 - Syracuse 1
TOP OF THE 9TH
Pawnee ParksNRec batting - Pitching for Syracuse Starks : RHP Edmund Blackadder
Batting: RHB Chris Hall 0-0: Ball
1-0: Called Strike
1-1: Foul Ball, location: 2F
1-2: Strikes out looking
Batting: RHB Robin Colwill 0-0: Called Strike
0-1: Ground out 5-3 (Groundball, 56, EV 103.8 MPH)
Batting: RHB Abel Murphy 0-0: Ball
1-0: Swinging Strike
1-1: Called Strike
1-2: Ground out 5-3 (Groundball, 5, EV 85.0 MPH)
Top of the 9th over - 0 runs, 0 hits, 0 errors, 0 left on base; Pawnee 2 - Syracuse 1
BOTTOM OF THE 9TH
Syracuse Starks batting - Pitching for Pawnee ParksNRec : RHP Arie de Nooyer
Pitching: RHP Milton Mathews
Batting: SHB Soren Loen 0-0: Fly out, F7 (Line Drive, 7, EV 95.0 MPH)
Pinch Hitting: LHB Gary Malone 0-0: Ball
1-0: Called Strike
1-1: Ground out 1-3 (Groundball, 13S, EV 70.0 MPH)
Batting: RHB Damon Newbold 0-0: Foul Ball, location: 2F
0-1: Ball
1-1: Ground out 6-3 (Groundball, 6, EV 81.9 MPH)
Bottom of the 9th over - 0 runs, 0 hits, 0 errors, 0 left on base; Pawnee 2 - Syracuse 1
Friday, April 17th, 2020 - OOTP Baseball 20.8 Build 74